 Dungeon Crawl Stone Soup version 0.22-a0-469-gf26638a (webtiles) character file.

194 mralvarus the Magician (level 5, -4/28 HPs)
             Began as a Deep Elf Air Elementalist on June 13, 2018.
             Was a Follower of Ru.
             Killed by divine providence
             ... invoked by an orc priest
              (13 damage)
             ... on level 3 of the Dungeon.
             The game lasted 00:10:03 (3027 turns).

mralvarus the Magician (Deep Elf Air Elementalist)  Turns: 3027, Time: 00:10:04

Health: -4/28      AC:  3    Str:  5    XL:     5   Next: 44%
Magic:  4/15       EV: 13    Int: 21    God:    Ru [*.....]
Gold:   158        SH:  0    Dex: 15    Spells: 5/15 levels left

rFire    . . .     SeeInvis .   (no weapon)
rCold    . . .     Gourm    .   (no shield)
rNeg     . . .     Faith    .   a - +0 robe
rPois    .         Spirit   .   (no helmet)
rElec    .         Reflect  .   (no cloak)
rCorr    .         Harm     .   (no gloves)
MR       .....                  g - +0 pair of boots
Stlth    ++........             (no amulet)
HPRegen  0.09/turn              (no ring)
MPRegen  0.14/turn              (no ring)

@: very slightly contaminated
A: missing an eye
a: Renounce Religion


You were on level 3 of the Dungeon.
You worshipped Ru.
Ru was aware of your devotion.
You were not hungry.

You visited 1 branch of the dungeon, and saw 4 of its levels.

You collected 158 gold pieces.

Inventory:

Armour
 a - a +0 robe (worn)
 g - a +0 pair of boots (worn)
Jewellery
 e - a +2 ring of protection {unknown}
 l - a +3 ring of evasion {unknown}
 m - an uncursed ring of see invisible {unknown}
 n - a +4 ring of protection {unknown}
Wands
 k - a wand of disintegration (8)
 o - a wand of flame (34)
Scrolls
 b - 2 scrolls of magic mapping {unknown}
 d - 5 scrolls of identify {unknown}
 i - 3 scrolls of remove curse {unknown}
Potions
 f - a potion of might {unknown}
 h - a potion of magic {unknown}
 j - a potion of mutation {unknown}
 p - a potion of berserk rage {unknown}
Comestibles
 c - 7 rations


   Skills:
 - Level 2.4 Dodging
 - Level 2.4 Stealth
 * Level 5.9 Spellcasting
 + Level 2.9 Conjurations
 + Level 4.0 Air Magic


You had 5 spell levels left.
You knew the following spells:

 Your Spells              Type           Power        Failure   Level  Hunger
a - Shock                 Conj/Air       ###.         2%          1    None
b - Airstrike             Air            ###.......   19%         4    ####...
c - Lightning Bolt        Conj/Air       ###.......   54%         5    #####..

Your spell library contained the following spells:

 Spells                   Type           Power        Failure   Level  Hunger
 Swiftness                Chrm/Air       ##......     7%          2    None
 Static Discharge         Conj/Air       ###.....     7%          3    ##.....


Dungeon Overview and Level Annotations

Branches:
Dungeon (4/15)
 Temple: D:4-7

Altars:
Dithmenos
Gozag
Kikubaaqudgha
Ru
Wu Jian

Annotations:
D:4 Sigmund


Innate Abilities, Weirdness & Mutations

You are missing an eye, making it more difficult to aim.


Message History

* * * LOW HITPOINT WARNING * * *
Casting: Airstrike (slightly dangerous; 19% risk of failure)
Confirm with . or Enter, or press ? or * to list all spells.
You don't have enough magic to cast that spell.
Unknown command.
Sigmund mumbles some strange words.
Sigmund flickers and vanishes!
Deactivating autopickup; reactivate with Ctrl-A.
There is a stone staircase leading up here.
You climb upwards.
The orc priest shouts!
An orc priest comes into view. It is wielding a war axe.
The orc priest looks braver for a moment.
Found a faded altar of an unknown god.
There is a stone staircase leading down here.
Found 22 gold pieces.
Found 12 stones.
The orc priest invokes the aid of Beogh against you.
Beogh smites you!
You die...

###########
##....(≈.≈..
##$$..≈≈≈...≈
#.....≈≈≈≈≈≈≈
#....≈≈≈≈≈≈≈≈
#....@.≈≈≈≈≈≈
#.....≈≈≈≈♣♣♣
#......≈≈≈≈_♣
##...≈≈≈≈≈≈♣♣
##....≈≈≈≈≈≈≈≈
#....>≈≈≈≈≈≈≈≈
##...[..≈≈≈≈≈≈
...
#....o≈≈.≈≈≈.
≈≈.##
......≈..≈≈..
...##


You could see an orc priest.

Vanquished Creatures
  A hound (D:4)
  An orc priest (D:3)
  An orc wizard (D:3)
  3 adders
  An ooze (D:2)
  2 worms
  A dart slug (D:2)
  3 leopard geckos
  9 orcs (D:3)
  A giant cockroach (D:1)
  5 goblins
  3 hobgoblins
  3 jackals (D:1)
  A quokka (D:3)
  6 bats
  3 frilled lizards (D:1)
  5 kobolds
  14 rats
63 creatures vanquished.

Notes
Turn   | Place    | Note
-------+----------+-------------------------------------------
     0 | D:1      | mralvarus the Deep Elf Air Elementalist began the quest for the Orb.
     0 | D:1      | Reached XP level 1. HP: 10/10 MP: 6/6
   317 | D:1      | Reached XP level 2. HP: 15/15 MP: 5/8
   773 | D:1      | Reached skill level 4 in Spellcasting
   888 | D:2      | Reached XP level 3. HP: 19/19 MP: 5/10
  1202 | D:2      | Found a sacrificial altar of Ru.
  1285 | D:2      | Became a worshipper of Ru the Awakened
  1665 | D:2      | Found an opulent altar of Gozag.
  1665 | D:2      | Found a shadowy altar of Dithmenos.
  2038 | D:2      | Found an ancient bone altar of Kikubaaqudgha.
  2039 | D:2      | Found an ornate altar of the Wu Jian Council.
  2068 | D:2      | Reached XP level 4. HP: 24/24 MP: 10/12
  2325 | D:3      | Reached skill level 5 in Spellcasting
  2641 | D:3      | Noticed an orc warrior
  2642 | D:3      | Reached XP level 5. HP: 28/28 MP: 10/15
  2644 | D:3      | HP: 1/28 [orc warrior/tomahawk (15)]
  2784 | D:4      | Gained mutation: You are missing an eye, making it more difficult to aim. [Ru sacrifice]
  2784 | D:4      | Reached * piety under Ru
  2980 | D:4      | Learned a level 4 spell: Airstrike
  2986 | D:4      | Learned a level 5 spell: Lightning Bolt
  3008 | D:4      | Noticed Sigmund
  3022 | D:3      | Found a faded altar of an unknown god.
  3027 | D:3      | Killed from afar by an orc priest

Vault maps used:
D:1:      lemuel_arrival_lava_pool
D:2:      minitemple, nicolae_ru_sacrificial_ziggurat
D:3:      chequers_ecumenical_altar_island, first_ration, uniq_grinder
D:4:      uniq_ijyb, uniq_robin, uniq_sigmund

Skill      XL: |  1  2  3  4  5 |
---------------+----------------+-----
Spellcasting   | 4 5 |  5.9
Conjurations   | 2 |  2.9
Air Magic      | 4 |  4.0
Dodging        | |  2.4
Stealth        | |  2.4

Action                   |  1- 3 |  4- 6 || total
-------------------------+-------+-------++-------
 Cast: Shock             |    91 |    55 ||   146
       Airstrike         |       |     1 ||     1
Invok: Sacrifice an Eye  |       |     1 ||     1
  Eat: Chunk             |     3 |     3 ||     6
Armor: Robe              |     3 |       ||     3
Dodge: Dodged            |    27 |     6 ||    33

Table legend:
 A = Spawn XP
 B = Non-spawn XP
 C = Spawn XP percentage of total XP
 D = Spawn monster count
 E = Non-spawn monster count
 F = Spawn count percentage of total count
 G = Total turns spent on level
                    A         B        C        D         E        F      G
               +---------+---------+-------+---------+---------+-------+---------
         Total |       0 |     278 |   0.0 |       0 |      63 |   0.0 |  3027
               +---------+---------+-------+---------+---------+-------+---------
           D:1 |       0 |      35 |   0.0 |       0 |      22 |   0.0 |   876
           D:2 |       0 |      63 |   0.0 |       0 |      20 |   0.0 |  1390
           D:3 |       0 |     133 |   0.0 |       0 |      19 |   0.0 |   395
           D:4 |       0 |      47 |   0.0 |       0 |       2 |   0.0 |   366
               +---------+---------+-------+---------+---------+-------+---------
